 Dungeon Crawl Stone Soup version 0.18-a0-1577-gf591c28 (webtiles) character file.

15677 Ijustatesigmund the Martial Artist (level 12, -7/83 HPs)
             Began as an Octopode Wizard on Mar 20, 2016.
             Killed from afar by wvc's ghost (90 damage)
             ... with a great icy blast
             ... on level 12 of the Dungeon.
             The game lasted 01:17:05 (22359 turns).

Ijustatesigmund the Martial Artist (OpWz)          Turns: 22359, Time: 01:17:05

Health: -7/83      AC:  2    Str: 14    XL:     12   Next: 29%
Magic:  21/23      EV: 15    Int: 28    God:
Gold:   454        SH:  0    Dex: 11    Spells: 9 memorised, 0 levels left

rFire  . . .     SeeInvis .       - Unarmed
rCold  + . .     Gourm    .     (no shield)
rNeg   . . .     Faith    .     a - +1 hat
rPois  +         Spirit   .     (no amulet)
rElec  .         Dismiss  .     k - ring of protection from magic
rCorr  .         Reflect  .     e - +3 ring of intelligence
SustAt .         Harm     .     t - +1 ring of evasion
MR     +....                    h - ring of poison resistance
Stlth  +++.......               I - +4 ring of strength
                                K - ring of Scepticism {rC+ Int+4 Stlth-}
                                (no ring)
                                (no ring)

@: repel missiles, somewhat resistant to hostile enchantments, fairly stealthy
A: almost no armour, amphibious, 8 rings, constrict 8, camouflage 1, gelatinous
body 1
a: no special abilities


You were on level 12 of the Dungeon.
You were not hungry.

You visited 2 branches of the dungeon, and saw 14 of its levels.
You also visited: Sewer.

You collected 712 gold pieces.
You spent 258 gold pieces at shops.

Inventory:

Armour
 a - a +1 hat (worn)
Jewellery
 e - a +3 ring of intelligence (right tentacle)
 h - a ring of poison resistance (on tentacle)
 k - a ring of protection from magic (left tentacle)
 t - a +1 ring of evasion (on tentacle)
 E - an uncursed ring of resist corrosion {unknown}
 I - a +4 ring of strength (on tentacle)
 K - the ring of Scepticism (on tentacle) {rC+ Int+4 Stlth-}
   (You took it off an orc on level 10 of the Dungeon)

   [ring of loudness]

   It affects your intelligence (+4).
   It protects you from cold.
   It makes you less stealthy.
Wands
 j - a wand of random effects (32/48)
 p - a wand of disintegration (3/24)
 y - a wand of slowing (23/48)
 z - a wand of confusion (23/48)
 F - a wand of paralysis (10/24)
 H - a wand of digging (12/24)
Scrolls
 l - 4 scrolls of remove curse
 r - 4 scrolls of fog
 s - a scroll of magic mapping
 w - a scroll of enchant weapon
 x - a scroll of vulnerability
 B - a scroll of enchant armour
 C - 2 scrolls of fear
 J - a scroll of teleportation
 M - a scroll of amnesia
Potions
 d - 2 potions of magic
 f - 2 potions of heal wounds
 g - a potion of brilliance
 m - 2 potions of flight
 n - 3 potions of agility
 u - 2 potions of lignification
 A - a potion of curing
 L - a potion of cancellation {unknown}
Books
 b - a book of Minor Magic

   Spells                             Type                      Level
   a - Magic Dart                     Conjuration                  1
   b - Blink                          Translocation                2
   c - Call Imp                       Summoning                    2
   d - Repel Missiles                 Charms/Air                   2
   e - Slow                           Hexes                        2
   f - Conjure Flame                  Conjuration/Fire             3
   g - Mephitic Cloud                 Conjuration/Poison/Air       3
 o - a book of Flames

   Spells                             Type                      Level
   a - Flame Tongue                   Conjuration/Fire             1
   b - Throw Flame                    Conjuration/Fire             2
   c - Conjure Flame                  Conjuration/Fire             3
   d - Inner Flame                    Hexes/Fire                   3
   e - Sticky Flame                   Conjuration/Fire             4
   f - Fireball                       Conjuration/Fire             5
 q - a book of Frost

   Spells                             Type                      Level
   a - Freeze                         Ice                          1
   b - Throw Frost                    Conjuration/Ice              2
   c - Ozocubu's Armour               Charms/Ice                   3
   d - Throw Icicle                   Conjuration/Ice              4
   e - Summon Ice Beast               Ice/Summoning                4
 G - a book of Clouds

   Spells                             Type                      Level
   a - Mephitic Cloud                 Conjuration/Poison/Air       3
   b - Conjure Flame                  Conjuration/Fire             3
   c - Poisonous Cloud                Conjuration/Poison/Air       6
   d - Freezing Cloud                 Conjuration/Ice/Air          6
   e - Ring of Flames                 Charms/Fire                  7
Comestibles
 c - 5 bread rations
 i - 7 meat rations
 v - 2 beef jerkies


   Skills:
 + Level 8.2 Fighting
 - Level 5.2 Dodging
 - Level 6.4 Stealth
 - Level 11.0 Unarmed Combat
 - Level 7.5 Spellcasting
 - Level 7.1 Conjurations
 - Level 1.0 Summonings
 - Level 3.0 Translocations
 - Level 4.7 Fire Magic
 + Level 1.0 Ice Magic
 - Level 3.4 Air Magic
 - Level 3.0 Poison Magic


You couldn't memorise any spells.
You knew the following spells:

 Your Spells              Type           Power        Failure   Level  Hunger
a - Magic Dart            Conj           ####         1%          1    None
b - Blink                 Tloc           N/A          2%          2    None
c - Call Imp              Summ           ###.....     8%          2    None
d - Repel Missiles        Chrm/Air       ###...       4%          2    None
e - Mephitic Cloud        Conj/Pois/Air  #####...     2%          3    None
f - Conjure Flame         Conj/Fire      #####...     1%          3    None
g - Inner Flame           Hex/Fire       ###.....     8%          3    None
h - Sticky Flame          Conj/Fire      #####...     6%          4    ##.....
i - Freezing Cloud        Conj/Ice/Air   ####......   99%         6    ######.


Dungeon Overview and Level Annotations

Branches:
Dungeon (12/15)              Lair (2/8) D:10
 Temple: D:4-7          Orc: D:9-12

Altars:
Ashenzari
Dithmenos
Fedhas
Kikubaaqudgha
Makhleb
Okawaru
Sif Muna
Trog
Xom

Shops:
D:6 *   D:10 *

Annotations:
D:2 Robin
D:4 Inquiry's ghost, novice DsFi
D:12 wvc's ghost, legendary NaMo


Innate Abilities, Weirdness & Mutations

You cannot wear most types of armour.
You are amphibious.
You can wear up to eight rings at the same time.
You can use your tentacles to constrict eight enemies at once.
Your skin changes colour to match your surroundings (Stealth).
Your rubbery body absorbs attacks (AC +1).


Message History

That choko was very bland.
Done exploring.
(D) Dungeon (L) Lair
Where to? (Enter - D:10 @ (x,y), ? - help)
There is a stone staircase leading down here.
You climb downwards.
Wvc's ghost (legendary Naga Monk) comes into view.
Found a wand of paralysis.
There is a stone staircase leading up here.
Drink which item? (? for menu, Esc to quit)
Okay, then.
You closely miss wvc's ghost.
Wvc's ghost turns its malevolent gaze towards you.
Your squeeze misses wvc's ghost.
You hear a shout!
Wvc's ghost points at you and mumbles some strange words.
Wvc's ghost conjures a mighty blast of ice!
The great icy blast engulfs you! You partially resist.
Ouch! That really hurt!
You die...

. ####+# ...
#.....#+##....
#.....ยง...../.
#....W@.......
#.............
...............
...............
.......##+###+#
..##+## .


You could see wvc's ghost.

Vanquished Creatures
  Urug (D:11)
  A hill giant (D:11)
  2 griffons (D:7)
  A manticore (D:11)
  An ugly thing (D:11)
  2 cyclopes (D:11)
  2 centaur zombies
  Maurice (D:11)
  2 spiny frogs
  A komodo dragon (Lair:1)
  A gargoyle (D:11)
  3 polar bears (D:7)
  A troll (D:11)
  3 two-headed ogres
  6 yaks
  A hog (D:7)
  A hungry ghost (D:11)
  3 hippogriffs
  A soldier ant (D:10)
  A water moccasin (D:7)
  5 porcupines (Lair:1)
  5 sky beasts
  5 ice beasts
  5 black bears (D:7)
  5 ogres
  A necrophage (D:10)
  7 centaurs
  3 crocodiles
  7 giant frogs
  5 big kobolds
  A wyvern skeleton (D:7)
  5 scorpions
  12 killer bees
  8 wights
  7 howler monkeys
  7 crimson imps
  8 hounds
  2 giant frog zombies
  4 jellies
  2 giant frog skeletons
  4 orc priests
  A centaur skeleton (D:11)
  5 iguanas
  9 orc wizards
  9 worker ants
  4 sheep (D:7)
  2 hound zombies
  A hound skeleton (D:6)
  2 worker ant zombies
  9 gnolls
  21 adders
  8 river rats (Lair:1)
  4 shadow imps
  5 oozes
  7 worms
  2 dart slugs
  5 giant geckos
  39 orcs
  2 bat zombies (D:7)
  5 giant cockroaches
  10 goblins
  6 hobgoblins
  16 jackals
  5 quokkas
  5 ball pythons
  9 bats
  A giant gecko skeleton (D:5)
  2 giant gecko zombies
  7 giant newts
  A jackal zombie (D:9)
  18 kobolds
  8 rats
  3 rat zombies (D:7)
374 creatures vanquished.

Vanquished Creatures (collateral kills)
  An ogre (D:4)
  An orc (D:5)
2 creatures vanquished.

Vanquished Creatures (others)
  A giant frog (Lair:1)
  A killer bee (D:11)
  A fungus (Lair:1)
3 creatures vanquished.

Grand Total: 379 creatures vanquished

Notes
Turn   | Place    | Note
--------------------------------------------------------------
     0 | D:1      | Ijustatesigmund the Octopode Wizard began the quest for the Orb.
     0 | D:1      | Reached XP level 1. HP: 11/11 MP: 4/4
   196 | D:1      | Reached skill level 1 in Unarmed Combat
   196 | D:1      | Reached XP level 2. HP: 10/17 MP: 0/6
   583 | D:1      | Learned a level 2 spell: Blink
   586 | D:1      | Learned a level 2 spell: Call Imp
   589 | D:1      | Learned a level 2 spell: Repel Missiles
   835 | D:1      | Reached XP level 3. HP: 21/21 MP: 4/7
  1853 | D:2      | Noticed Robin
  1865 | D:3      | Reached skill level 2 in Unarmed Combat
  1906 | D:3      | Reached skill level 1 in Fighting
  1906 | D:3      | Reached XP level 4. HP: 21/28 MP: 5/8
  2062 | D:3      | Found a glowing drain.
  2067 | Sewer    | Entered a sewer
  2589 | Sewer    | Reached XP level 5. HP: 33/33 MP: 5/9
  2595 | Sewer    | Learned a level 3 spell: Mephitic Cloud
  3142 | Sewer    | Noticed a big kobold
  3156 | Sewer    | Killed a big kobold
  3156 | Sewer    | Reached skill level 3 in Unarmed Combat
  3323 | Sewer    | Reached XP level 6. HP: 38/40 MP: 0/11
  4118 | D:3      | Found an iron altar of Okawaru.
  4430 | D:3      | Found a burning altar of Makhleb.
  4568 | D:3      | Reached XP level 7. HP: 31/46 MP: 9/13
  4802 | D:3      | Reached skill level 4 in Unarmed Combat
  4906 | D:3      | Found a shadowy altar of Dithmenos.
  4906 | D:3      | Found an iron altar of Okawaru.
  4918 | D:3      | Reached skill level 1 in Poison Magic
  5015 | D:3      | Learned a level 3 spell: Conjure Flame
  5085 | D:4      | Reached skill level 1 in Air Magic
  5704 | D:4      | Noticed Inquiry's ghost (novice DsFi)
  5713 | D:5      | Entered Level 5 of the Dungeon
  6367 | D:5      | Reached XP level 8. HP: 51/54 MP: 10/14
  6576 | D:5      | Reached skill level 5 in Unarmed Combat
  7386 | D:6      | Found a bloodstained altar of Trog.
  7548 | D:6      | Reached skill level 5 in Conjurations
  7914 | D:6      | Found Fast's Assorted Antiques.
  7917 | D:6      | Bought a scroll labeled INLORH NEZXIU for 27 gold pieces
  7917 | D:6      | Bought a scroll labeled OBYEDGH ZEFFIH for 27 gold pieces
  7917 | D:6      | Bought a scroll labeled VYXUFU GAORABRI for 27 gold pieces
  7917 | D:6      | Bought a scroll labeled VYXUFU GAORABRI for 27 gold pieces
  7917 | D:6      | Bought a sharpened silver wand for 108 gold pieces
  8242 | D:7      | Found a huge runed gate.
  8242 | D:7      | Noticed a polar bear
  8244 | D:7      | Found a huge runed gate.
  8244 | D:7      | Found a huge runed gate.
  8244 | D:7      | Found a huge runed gate.
  8246 | D:7      | Noticed a griffon
  8246 | D:7      | Noticed a polar bear
  8246 | D:7      | Noticed a polar bear
  8247 | D:7      | Noticed a griffon
  8401 | D:7      | Found an ancient bone altar of Kikubaaqudgha.
  9138 | D:7      | Reached skill level 6 in Unarmed Combat
  9138 | D:7      | Reached XP level 9. HP: 59/59 MP: 10/15
  9478 | D:8      | Learned a level 3 spell: Inner Flame
  9837 | D:7      | Reached skill level 1 in Fire Magic
 10402 | D:7      | Reached skill level 7 in Unarmed Combat
 11010 | D:7      | Reached skill level 8 in Unarmed Combat
 12283 | D:8      | Found a deep blue altar of Sif Muna.
 12690 | D:8      | Reached XP level 10. HP: 65/65 MP: 10/16
 13435 | D:9      | Found a shattered altar of Ashenzari.
 13493 | D:9      | Reached skill level 9 in Unarmed Combat
 13672 | D:9      | Found a blossoming altar of Fedhas.
 13870 | D:9      | Reached skill level 5 in Fighting
 13979 | D:9      | Found a blossoming altar of Fedhas.
 14346 | D:10     | Entered Level 10 of the Dungeon
 14468 | D:9      | Reached skill level 5 in Spellcasting
 14993 | D:10     | Found Igomar's General Store.
 14998 | D:10     | Bought a scroll of teleportation for 42 gold pieces
 15012 | D:10     | Got a faintly glowing lapis lazuli ring
 15414 | D:10     | Found a shadowy altar of Dithmenos.
 15421 | D:10     | Found a staircase to the Lair.
 15962 | D:7      | Killed a griffon
 15962 | D:7      | Killed a griffon
 15962 | D:7      | Reached XP level 11. HP: 70/75 MP: 9/21
 16662 | D:8      | Learned a level 4 spell: Sticky Flame
 16734 | D:11     | Noticed a cyclops
 17960 | D:11     | Noticed Urug
 17962 | D:11     | Noticed a cyclops
 17962 | D:11     | Noticed a white ugly thing
 17981 | Lair:1   | Entered Level 1 of the Lair of Beasts
 17982 | Lair:1   | Found a shimmering altar of Xom.
 18616 | Lair:1   | Reached skill level 5 in Stealth
 18982 | Lair:1   | Identified the ring of Scepticism {rC+ Int+4 Stlth-} (You took it off an orc on level 10 of the Dungeon)
 19845 | D:11     | Killed a cyclops
 19845 | D:11     | Reached skill level 5 in Dodging
 20285 | D:11     | Killed a cyclops
 20597 | D:11     | Noticed Maurice
 20609 | D:11     | Killed Maurice
 20610 | D:11     | Noticed a cyclops
 20824 | D:11     | Noticed a manticore
 20826 | D:11     | Reached XP level 12. HP: 68/82 MP: 6/23
 20859 | D:11     | Reached skill level 10 in Unarmed Combat
 22113 | D:11     | Killed Urug
 22169 | D:11     | Learned a level 6 spell: Freezing Cloud
 22286 | D:11     | Reached skill level 11 in Unarmed Combat
 22286 | D:11     | Reached skill level 1 in Ice Magic
 22358 | D:12     | Noticed wvc's ghost (legendary NaMo)
 22359 | D:12     | Killed from afar by wvc's ghost

Vault maps used:
D:1:      dpeg_arrival_tiny_a
D:2:      nicolae_qazlal_eye_of_the_storm, uniq_robin
D:3:      overflow_temple_1_default, gammafunk_temple_overflow_elements,
          portal_sewer_entry_e, okawaru_gym_becter
D:4:      old_standard_altar, minmay_temple_entry_nine_rooms, first_bread,
          grunt_ministairs_10, uniq_sigmund
D:5:      kennysheep_windowed_halls
D:6:      bloody_trog, serial_shops, kennysheep_mini, amethyst_killhole
D:7:      lemuel_bear_cage, lemuel_zombie_altar_kikubaaqudgha
D:8:      led_sif_pool
D:9:      fedhas_altar_2, hangedman_tree_tricks, serial_park_tiny_pond,
          cheibrodos_ashenzari_chains
D:10:     lair_0_dummy, serial_shops, shop, grunt_dithmenos_shadows
D:11:     wad_floor_pattern_1, uniq_urug, uniq_maurice
D:12:     orc_david_3
Lair:1:   basic_altar, beast_lair_carwin_1
Lair:2:   minivault_25, grunt_megastairs_1
Sewer:    sewer_co_tree

Skill      XL: |  1  2  3  4  5  6  7  8  9 10 11 12 |
---------------+-------------------------------------+-----
Unarmed Combat | 1 2 3 4 6 8 9 11 | 11.0
Conjurations   | 2 3 4 5 7 |  7.1
Fighting       | 1 2 3 4 7 8 |  8.2
Spellcasting   | 4 6 7 |  7.5
Poison Magic   | 1 2 3 |  3.0
Air Magic      | 1 2 3 |  3.4
Translocations | 3 |  3.0
Stealth        | 3 4 6 |  6.4
Dodging        | 3 4 5 |  5.2
Fire Magic     | 3 4 |  4.7
Ice Magic      | 1 |  1.0
Summonings     | |  1.0

Action                   |  1- 3 |  4- 6 |  7- 9 | 10-12 || total
-------------------------+-------+-------+-------+-------++-------
Melee: Unarmed           |    53 |    79 |   251 |   371 ||   754
 Cast: Magic Dart        |    46 |   145 |   274 |   376 ||   841
       Repel Missiles    |     1 |     1 |     2 |     2 ||     6
       Call Imp          |       |     2 |    13 |     6 ||    21
       Blink             |       |     1 |    12 |    14 ||    27
       Mephitic Cloud    |       |       |    25 |    55 ||    80
       Conjure Flame     |       |       |     4 |    16 ||    20
       Inner Flame       |       |       |       |     3 ||     3
Evoke: Wand              |       |       |       |     3 ||     3
  Use: Scroll            |     5 |     3 |    17 |     5 ||    30
       Potion            |       |     1 |     3 |     8 ||    12
 Stab: Sleeping          |     4 |     1 |     2 |     2 ||     9
       Confused          |       |       |     5 |    17 ||    22
       Distracted        |       |       |       |     1 ||     1
  Eat: Chunk             |     2 |     2 |    13 |    17 ||    34
       Beef jerky        |     1 |     1 |     3 |       ||     5
       Bread ration      |       |     1 |     1 |       ||     2
       Royal jelly       |       |       |     1 |     1 ||     2
       Fruit             |       |       |     3 |    15 ||    18
       Pizza             |       |       |       |     2 ||     2
